AoeStats
← ^PenXpro_iWnL_^

African Clearing

510865363Analyzed
2v2 RM · 10h ago on Oct 2, 2026· 42m 33s· 4 players
Game mode
Random Map
Map size
Medium (4 player)
Population
200
Speed
Normal
Resources
Standard
Victory
Conquest
Starting age
Dark Age
Ending age
Imperial Age
RankedLock teamsTeams togetherTeam positionsShared explorationLock speedFull tech treeHidden civsTurbo modeCheats
Victory
Defeat
🇩🇪 Teutons · Germany
974
+19
🇪🇸 Goths · Spain
930
+21
🇦🇷 Bulgarians · Argentina
1037
-35
🇦🇷 Bulgarians · Argentina
1029
-20
Ichhassdelucco
6:11 Loom
13:49 Feudal Age
19:16 Castle Age
19:37 Bloodlines
19:19 Double-Bit Axe
24:48 Scale Barding Armor
29:04 Horse Collar
33:14 Heavy Plow
38:12 Imperial Age
36:43 Chain Barding Armor
38:27 Wheelbarrow
37:59 Fletching
38:35 Ballistics
38:45 Cavalier
40:09 Conscription
41:29 Plate Barding Armor
42:29 Chemistry
41:56 Town Watch
42:26 Hand Cart
42:46 Town Patrol
CoffeeRhyme7095
12:52 Feudal Age
11:07 Loom
17:16 Castle Age
15:15 Double-Bit Axe
16:55 Gold Mining
18:52 Bow Saw
21:11 Wheelbarrow
22:56 Town Watch
24:53 Fletching
26:21 Husbandry
26:19 Bodkin Arrow
28:04 Padded Archer Armor
28:17 Bloodlines
34:43 Imperial Age
32:58 Ballistics
33:09 Leather Archer Armor
33:00 Scale Barding Armor
34:39 Hand Cart
36:55 Chemistry
36:08 Bracer
38:24 Ring Archer Armor
39:47 Chain Barding Armor
42:06 Stone Mining
43:14 Conscription
^PenXpro_iWnL_^
15:30 Feudal Age
19:48 Castle Age
18:25 Double-Bit Axe
21:56 Bow Saw
22:40 Gold Mining
22:41 Stone Mining
26:36 Forging
26:32 Scale Barding Armor
31:02 Horse Collar
34:18 Imperial Age
33:04 Heavy Plow
37:18 Gold Shaft Mining
37:39 Stirrups
40:54 Iron Casting
40:40 Chain Barding Armor
40:21 Scale Mail Armor
42:44 Plate Barding Armor
43:42 Blast Furnace
jonafaca
15:03 Feudal Age
21:37 Castle Age
21:20 Scale Mail Armor
21:33 Forging
21:14 Loom
21:19 Horse Collar
21:35 Gold Mining
32:10 Husbandry
34:31 Scale Barding Armor
35:23 Wheelbarrow
35:23 Bloodlines
39:56 Padded Archer Armor
40:32 Iron Casting
41:42 Gold Shaft Mining
43:12 Chain Mail Armor
Connection lost

Rejoining the realm…

Still unreachable

The connection could not be restored.

Session expired

The server has moved on; the page needs a fresh start.